 Dungeon Crawl Stone Soup version 0.26-a0-1205-g4083c211ab (webtiles) character file.

Game seed: 7514448136657541054

37 CurlyBrace the Sneak (level 3, 17/17 HPs)
             Began as a Felid Delver on Dec 29, 2020.
             Quit the game on level 5 of the Dungeon.
             The game lasted 00:00:22 (17 turns).

CurlyBrace the Sneak (Felid Delver)                   Turns: 17, Time: 00:00:22

Health: 17/17      AC:  1    Str:  8    XL:     3   Next: 23%
Magic:  4/4        EV: 18    Int: 12    God:
Gold:   9          SH:  0    Dex: 17    Spells: 2/2 levels left
                                        Lives:  0   Deaths: 0

rFire    . . .     SeeInvis +     - Unarmed
rCold    . . .     Faith    .   (shield unavailable)
rNeg     . . .     Spirit   .   (armour unavailable)
rPois    .         Reflect  .   (helmet unavailable)
rElec    .         Harm     .   (cloak unavailable)
rCorr    .         Rampage  .   (gloves unavailable)
Will     .....                  (boots unavailable)
Stlth    ++++......             (no amulet)
HPRegen  0.05/turn              (no ring)
MPRegen  0.09/turn              (no ring)

@: quick
A: very small, no armour, no weapons or thrown items, stealth, claws 1, fangs 3,
see invisible, speed 1, shaggy fur 1, sharp paws
a: no special abilities


You were on level 5 of the Dungeon.
You visited 1 branch of the dungeon, and saw 2 of its levels.

You collected 9 gold pieces.

Inventory:

Wands
 v - a wand of digging (3)
Scrolls
 a - a scroll of fog
 c - a scroll of fear
Potions
 h - a potion of haste


   Skills:
 * Level 3.1 Fighting
 + Level 3.0 Dodging
 - Level 7.0 Stealth
 * Level 3.1 Unarmed Combat


You had 2 spell levels left.
You didn't know any spells.
Your spell library was empty.

Dungeon Overview and Level Annotations

Branches:
Dungeon (6/15)
 Temple: D:4-7

Altars:

Annotations:
D:5 3 runed translucent doors, rlgrobin's ghost, weakling KoDe


Innate Abilities, Weirdness & Mutations

You cannot wear armour.
You are incapable of wielding weapons or throwing items.
Your paws allow you to move quietly. (Stealth)
You have sharp claws.
You have razor-sharp teeth.
You have supernaturally acute eyesight. (SInv)
You cover ground quickly.
You are covered in fur. (AC +1)
Your sharp claws are effective at attacking unaware monsters.


Message History

Increase (S)trength, (I)ntelligence, or (D)exterity?
You feel clever.
Unknown command.
As you read the scroll of magic mapping, it crumbles to dust.
You feel aware of your surroundings.
You sensed 4 altars.
You can't go down here!
You climb upwards.
Level annotation: 3 runed translucent doors
There is a stone staircase leading down here.
Are you sure you want to abandon this character and quit the game? (Confirm with "yes".)
Okay, then.
Unknown command.
Found 21 gold pieces.
You now have 9 gold pieces.
There are no items here.
Press: ? - help, v - describe, . - travel
Here: rlgrobin's ghost (fire blocked by a translucent stone wall)
The floor.
Unknown command.
Are you sure you want to abandon this character and quit the game? (Confirm with "yes".)

.... ..# ..
#######.# ..
..h...#.# ..
#.#.......#.##.
#.#.$.....+...
#.#.$.....+..#
.#.......+.#
### #.......#@#
...#......W#.#
#.#########.#
#.#...........#
#....>.#####.##
#.####.........
###########


You could see rlgrobin's ghost and a jackal (asleep).

Vanquished Creatures
  A howler monkey (D:6)
1 creature vanquished.

Notes
Turn   | Place    | Note
-------+----------+-------------------------------------------
     0 | D:5      | CurlyBrace the Felid Delver began the quest for the Orb.
     0 | D:5      | Reached XP level 1. HP: 10/10 MP: 2/2
     1 | D:6      | Noticed a howler monkey
     2 | D:6      | Killed a howler monkey
     3 | D:6      | Reached skill level 7 in Stealth
     3 | D:6      | Reached XP level 2. HP: 14/14 MP: 3/3
     3 | D:6      | Reached XP level 3. HP: 17/17 MP: 4/4
     6 | D:5      | Noticed rlgrobin's ghost (weakling KoDe)
    17 | D:5      | Quit the game

Illustrated notes

Levels and vault maps discovered:
D:5:      layout_loops_ring, gammafunk_ghost_split, serial_shops, shop,
          corexii_leaking_fountain, fountainhead, lemuel_old_faithful
D:6:      layout_loops_ring, nicolae_overflow_hidden_temple, uniq_edmund

Skill      XL: |  1 |
---------------+----+-----
Dodging        | 3 |  3.0
Stealth        | 7 |  7.0
Unarmed Combat | 3 |  3.1
Fighting       | |  3.1

Action                   || total
-------------------------++-------
Melee: Unarmed           ||     1
  Use: Scroll            ||     1
 Stab: Sleeping          ||     1

Table legend: (Time is in decaauts)
 A = Elapsed time spent in this place.
 B = Non-inter-level travel time spent in this place.
 C = Inter-level travel time spent in this place.
 D = Time resting spent in this place.
 E = Time spent auto-exploring this place.
 F = Levels seen in this place.
 G = Mean time per level.
                   A        B        C        D        E       F      G
               +--------+--------+--------+--------+--------+-----+--------+
         Total |     15 |     15 |      0 |      0 |      0 |   2 |    7.5 |
       Dungeon |     15 |     15 |      0 |      0 |      0 |   2 |    7.5 |
               +--------+--------+--------+--------+--------+-----+--------+

Top non-repeatable levels by time:
     D:5: 11 daAuts
     D:6: 3 daAuts
